 Dungeon Crawl Stone Soup version 0.17-a0-2073-gde5cdba (webtiles) character file.

10356 hansproleman the Basher (level 11, -11/102 HPs)
             Began as a Minotaur Berserker on Oct 2, 2015.
             Was a High Priest of Trog.
             Killed from afar by an electric eel (13 damage)
             ... with a bolt of electricity
             ... on level 11 of the Dungeon on Oct 15, 2015.
             The game lasted 00:51:17 (10609 turns).

hansproleman the Basher (Minotaur Berserker)       Turns: 10609, Time: 00:51:17

Health: -11/102    AC: 18    Str: 24    XL:     11   Next: 35%
Magic:  3/3        EV: 18    Int:  4    God:    Trog [*****.]
Gold:   726        SH:  0    Dex: 20    Spells: 0 memorised, 10 levels left

rFire  . . .     SeeInvis .     N - +4 great mace (antimagic)
rCold  . . .     Clarity  .     q - +5 chain mail of Zin {rN+ Dex+4}
rNeg   + . .     SustAt   .     (no shield)
rPois  .         Gourm    .     (helmet restricted)
rElec  .         Spirit   .     (no cloak)
rCorr  .         Warding  .     v - +0 pair of gloves
rMut   .         Stasis   .     (no boots)
MR     ++...                    (no amulet)
Stlth  ..........               (no ring)
                                (no ring)

@: agile, very slightly contaminated, regenerating, hasted, very quick, very
resistant to hostile enchantments, extremely unstealthy
A: retaliatory headbutt, horns 2
a: Burn Spellbooks, Berserk, Trog's Hand, Brothers in Arms, Renounce Religion


You were on level 11 of the Dungeon.
You worshipped Trog.
Trog was extremely pleased with you.
You were not hungry.

You visited 1 branch of the dungeon, and saw 11 of its levels.

You collected 726 gold pieces.

Inventory:

Hand Weapons
 a - a +0 mace
 t - a +3 morningstar of protection
 x - a +0 flail
 N - a +4 antimagic great mace (weapon)
Armour
 b - a +0 animal skin
 l - a +0 ring mail
 q - the +5 chain mail of Zin (worn) {rN+ Dex+4}
   (You found it on level 9 of the Dungeon)

   It affects your dexterity (+4).
   It protects you from negative energy.
 s - a +1 ring mail of fire resistance
 v - a +0 pair of gloves (worn)
 y - a +0 plate armour
Jewellery
 u - an uncursed ring of magical power {unknown}
 z - a +2 ring of strength {unknown}
 G - a +4 ring of strength {unknown}
Wands
 D - a wand of flame (20)
 H - a wand of cold (6)
 M - a wand of fire (6)
Scrolls
 h - a scroll of immolation {unknown}
 i - 3 scrolls of magic mapping
 k - 3 scrolls of remove curse
 m - 5 scrolls of random uselessness
 r - 2 scrolls of fog
 w - a scroll of noise {unknown}
 B - a scroll of amnesia {unknown}
 F - a scroll of enchant armour {unknown}
Potions
 d - a potion of ambrosia
 f - 3 potions of brilliance
 j - 2 potions of haste
 n - 2 potions of flight
 o - 4 potions of poison
 A - a potion of agility
 C - a potion of lignification
 L - a potion of heal wounds {unknown}
Books
 g - a book of Flames

   Spells                             Type                      Level
   a - Flame Tongue                   Conjuration/Fire             1
   b - Throw Flame                    Conjuration/Fire             2
   c - Conjure Flame                  Conjuration/Fire             3
   d - Inner Flame                    Hexes/Fire                   3
   e - Sticky Flame                   Conjuration/Fire             4
   f - Fireball                       Conjuration/Fire             5
   Trog disapproves of the use of such an item.
 E - a book of Flames

   Spells                             Type                      Level
   a - Flame Tongue                   Conjuration/Fire             1
   b - Throw Flame                    Conjuration/Fire             2
   c - Conjure Flame                  Conjuration/Fire             3
   d - Inner Flame                    Hexes/Fire                   3
   e - Sticky Flame                   Conjuration/Fire             4
   f - Fireball                       Conjuration/Fire             5
   Trog disapproves of the use of such an item.
Comestibles
 c - 3 meat rations
 p - 6 slices of pizza
 I - a beef jerky
 K - 9 fruits


   Skills:
 + Level 11.3 Fighting
 + Level 12.2 Maces & Flails
 + Level 12.2 Armour
 + Level 6.5 Dodging
 + Level 1.6 Stealth


You had 10 spell levels left.
You didn't know any spells.

Dungeon Overview and Level Annotations

Branches:
Dungeon (11/15)            Temple (0/1) D:6
   Lair: D:8-11         Orc: D:9-12

Altars:
Ashenzari
Dithmenos
Fedhas
Gozag
Okawaru
Ru
Vehumet
The Shining One

Shops:
D:6 *??

Portals:
Sewer: D:6

Annotations:
D:9 Duffy's ghost, novice NaAs


Innate Abilities, Weirdness & Mutations

You reflexively headbutt those who attack you in melee.
You have a pair of horns on your head.


Message History

A gnoll and an orc come into view.
The orc shouts!
The gnoll shouts!
Something hits you but does no damage.
The orc throws a tomahawk of returning.
The tomahawk of returning completely misses you.
The weapon returns to the orc!
The electric eel shoots out a bolt of lightning at you!
The bolt of electricity hits you!
* * * LOW HITPOINT WARNING * * *
A gnoll comes into view. It is wielding a hand axe.
Drink which item? (? for menu, Esc to quit)
You feel agile all of a sudden.
You feel the effects of Trog's Hand fading.
The gnoll shouts!
Something hits you but does no damage. Something barely misses you.
The orc throws a tomahawk of returning.
The tomahawk of returning barely misses you.
The weapon returns to the orc!
The electric eel shoots out a bolt of lightning at you!
The bolt of electricity hits you!
You die...

#......#g≈# #......#.≈##
.o...###≈ #...F..#.≈≈
g≈≈≈≈≈≈≈≈ #......#.#
#..g....# #......'.#
#.......# #......#.##
#........ #....###..#
#..≈≈≈≈≈≈
#....#....######.≈≈≈≈≈≈≈
#....#..........@≈≈#
#+##+#.......F..≈≈###
.........!...≈≈#
.........####.≈≈#
.......### #.≈≈# #######
#.≈≈# #.;≈# #.≈≈≈ ###≈≈≈


You could see a giant frog, an electric eel, 2 gnolls and an orc.

Vanquished Creatures
  The ghost of PeterLawrence the Protected, a journeyman MiFi of Okawaru (D:10)
  A hydra (D:10)
  3 hill giants
  A cyclops (D:11)
  The ghost of kosy22 the Covered, an experienced MiFi (D:5)
  A troll (D:8)
  A polar bear (D:8)
  8 yaks
  Eustachio (D:4)
  2 hippogriffs
  A wolf (D:8)
  2 orc warriors
  3 phantoms
  The ghost of Roadrunner the Skirmisher, an average TrWr (D:4)
  2 water moccasins
  A sky beast (D:8)
  2 ice beasts
  2 necrophages (D:9)
  A wasp (D:10)
  3 ogres
  2 crocodiles
  6 big kobolds
  2 giant frogs
  A water moccasin zombie (D:8)
  3 scorpions
  17 killer bees
  A crimson imp (D:10)
  6 orc priests
  10 orc wizards
  A quasit (D:7)
  2 giant frog skeletons
  Crazy Yiuf (D:3)
  2 giant frog zombies
  3 centaur skeletons
  4 hounds
  7 worker ants
  2 iguanas
  A killer bee zombie (D:5)
  2 sheep (D:10)
  A giant frog simulacrum (D:8)
  3 hound skeletons
  A worker ant zombie (D:10)
  6 adders
  7 gnolls
  A river rat (D:6)
  3 shadow imps
  An ufetubus (D:8)
  2 oozes
  An adder skeleton (D:4)
  2 worms
  3 giant geckos
  27 orcs
  2 ball pythons (D:3)
  5 bats
  7 giant cockroaches
  7 goblins
  3 hobgoblins
  5 jackals
  42 kobolds
  2 giant newts
  A jackal skeleton (D:9)
  6 rats
249 creatures vanquished.

Notes
Turn   | Place    | Note
--------------------------------------------------------------
     0 | D:1      | hansproleman the Minotaur Berserker began the quest for the Orb.
     0 | D:1      | Reached XP level 1. HP: 19/19 MP: 0/0
   228 | D:1      | Reached XP level 2. HP: 22/27 MP: 1/1
   241 | D:1      | Reached skill level 4 in Fighting
   553 | D:1      | Reached * piety under Trog
   576 | D:1      | Reached XP level 3. HP: 31/33 MP: 2/2
  1336 | D:3      | Reached XP level 4. HP: 27/41 MP: 3/3
  1355 | D:3      | Found a sacrificial altar of Ru.
  1508 | D:3      | Noticed Crazy Yiuf
  1514 | D:3      | Killed Crazy Yiuf
  1529 | D:3      | Found a shattered altar of Ashenzari.
  1837 | D:3      | Found a shadowy altar of Dithmenos.
  2080 | D:4      | Reached XP level 5. HP: 47/47 MP: 4/4
  2095 | D:4      | Found an iron altar of Okawaru.
  2101 | D:4      | Noticed Eustachio
  2105 | D:4      | Noticed Roadrunner's ghost (average TrWr)
  2138 | D:4      | Killed Roadrunner's ghost
  2138 | D:4      | Reached skill level 5 in Maces & Flails
  2138 | D:4      | Reached skill level 1 in Stealth
  2141 | D:4      | Killed Eustachio
  2141 | D:4      | Reached skill level 5 in Fighting
  2141 | D:4      | Reached XP level 6. HP: 50/56 MP: 5/5
  2247 | D:4      | Found a glowing golden altar of the Shining One.
  2247 | D:4      | Found a radiant altar of Vehumet.
  2437 | D:4      | Noticed an orc warrior
  2462 | D:4      | Killed an orc warrior
  2462 | D:4      | Reached XP level 7. HP: 10/61 MP: 6/6
  2463 | D:4      | Reached skill level 6 in Maces & Flails
  2719 | D:4      | Upgraded the game from 0.17-a0-1951-g62301d3 to 0.17-a0-1954-g0dddeaa
  2794 | D:4      | Reached skill level 5 in Armour
  3217 | D:5      | Entered Level 5 of the Dungeon
  3445 | D:5      | Noticed kosy22's ghost (experienced MiFi)
  3469 | D:5      | Killed kosy22's ghost
  3469 | D:5      | Reached skill level 7 in Fighting
  3469 | D:5      | Reached XP level 8. HP: 6/73 MP: 7/7
  4099 | D:5      | Upgraded the game from 0.17-a0-1954-g0dddeaa to 0.17-a0-2069-g0f4ee5b
  4274 | D:6      | Found a staircase to the Ecumenical Temple.
  4277 | D:6      | Upgraded the game from 0.17-a0-2069-g0f4ee5b to 0.17-a0-2073-gde5cdba
  4366 | D:6      | Found Ticiq's Magic Scroll Boutique.
  4376 | D:6      | Found Jaethuk's Magic Scroll Boutique.
  4435 | D:6      | Found Voupt's Assorted Antiques.
  4812 | D:6      | Found a glowing drain.
  5015 | D:7      | Reached skill level 8 in Armour
  5072 | D:7      | Reached **** piety under Trog
  5432 | D:7      | Reached skill level 5 in Dodging
  5432 | D:7      | Reached XP level 9. HP: 63/81 MP: 8/8
  5701 | D:8      | Found a sand-covered staircase.
  5754 | D:8      | Found an opulent altar of Gozag.
  5797 | D:8      | Reached skill level 9 in Armour
  6904 | D:8      | Reached skill level 10 in Armour
  6943 | D:8      | Reached ***** piety under Trog
  7577 | D:9      | Noticed Duffy's ghost (novice NaAs)
  7900 | D:9      | Reached XP level 10. HP: 84/91 MP: 9/9
  8295 | D:9      | Reached skill level 10 in Maces & Flails
  8402 | D:9      | Got an ichor-stained chain mail
  8414 | D:9      | Identified the +5 chain mail of Zin {rN+ Dex+4} (You found it on level 9 of the Dungeon)
  8478 | D:9      | Reached skill level 10 in Fighting
  8525 | D:9      | Found a blossoming altar of Fedhas.
  8947 | D:10     | Entered Level 10 of the Dungeon
  9032 | D:10     | Reached skill level 11 in Armour
  9066 | D:10     | Noticed a three-headed hydra
  9074 | D:10     | Killed a three-headed hydra
  9260 | D:10     | Noticed PeterLawrence's ghost (journeyman MiFi)
  9340 | D:10     | Killed PeterLawrence's ghost
  9469 | D:10     | Noticed a hill giant
  9477 | D:10     | Killed a hill giant
  9477 | D:10     | Reached XP level 11. HP: 87/101 MP: 10/10
  9938 | D:10     | Noticed a hill giant
  9949 | D:10     | Killed a hill giant
 10356 | D:11     | Noticed a hill giant
 10382 | D:11     | Received a gift from Trog
 10385 | D:11     | Killed a hill giant
 10385 | D:11     | Reached skill level 12 in Maces & Flails
 10568 | D:11     | Noticed a hill giant
 10590 | D:11     | HP: 5/102 [something (2)]
 10608 | D:11     | HP: 1/102 [electric eel/bolt of electricity (6)]
 10609 | D:11     | Killed from afar by an electric eel

Vault maps used:
D:1:      dpeg_arrival_long_road
D:2:      first_bread
D:3:      nicolae_overflow_crystal_walls, old_standard_altar,
          cheibrodos_ashenzari_chains, uniq_crazy_yiuf_cottage
D:4:      okawaru_gym_becter, minitemple, uniq_eustachio
D:6:      temple_green, gup_sewer_entry_bowl, serial_shops, shop_scrolls,
          nicolae_shop_waterfront, nicolae_shop_window_shopping
D:8:      kennysheep_kobold_camp, nicolae_gozag_cash_rules_everything_around_me,
          enter_ossuary_1, serial_ice, serial_ice_g, serial_ice_m, serial_ice_o,
          serial_ice_e
D:9:      lemuel_crystal_altar
D:10:     hangedman_ranch
D:11:     lair_0_dummy, erik_orc_4, lightli_bailey_entry_fortress, hive_lemuel

Action                   |  1- 3 |  4- 6 |  7- 9 | 10-12 || total
-------------------------+-------+-------+-------+-------++-------
Melee: Mace              |    66 |    19 |   185 |       ||   270
       Flail             |       |    64 |   167 |       ||   231
       Morningstar       |       |       |    54 |   201 ||   255
       Great mace        |       |       |       |    11 ||    11
Invok: Berserk           |       |     2 |     6 |     2 ||    10
       Burn Spellbooks   |       |       |     1 |       ||     1
       Trog's Hand       |       |       |       |     1 ||     1
  Use: Potion            |       |       |     3 |     3 ||     6
       Scroll            |       |       |    13 |     5 ||    18
  Eat: Meat ration       |     1 |       |     1 |     1 ||     3
       Fruit             |       |     1 |     1 |     3 ||     5
       Bread ration      |       |       |     4 |     1 ||     5
       Beef jerky        |       |       |     1 |       ||     1
       Pizza             |       |       |       |     1 ||     1
